 Dungeon Crawl Stone Soup version 0.30-a0-458-g86641cc369 (webtiles) character file.

Game seed: 11515361630435386797

66 PyroL the Grasshopper (level 3, -4/29 HPs)
             Began as a Draconian Warper on Dec 14, 2022.
             Killed by nerve-wracking pain
             ... invoked by a shadow imp
             ... summoned by Natasha
              (11 damage)
             ... on level 3 of the Dungeon.
             The game lasted 00:02:43 (1247 turns).

PyroL the Grasshopper (Draconian Warper)            Turns: 1247, Time: 00:02:43

Health: -4/29      AC:  8    Str: 13    XL:     3   Next: 96%
Magic:  6/6        EV: 12    Int: 15    God:
Gold:   61         SH:  0    Dex: 10    Spells: 4/6 levels left

rFire   . . .      SeeInvis .      - Unarmed
rCold   . . .      Faith    .    (no shield)
rNeg    . . .      Spirit   .    (body armour unavailable)
rPois   .          Reflect  .    (helmet restricted)
rElec   .          Harm     .    d - +0 cloak
rCorr   .          Rampage  .    c - +0 pair of gloves
Will    .....                    k - +0 pair of boots
Stlth   +.........               (no amulet)
HPRegen 0.24/turn                (no ring)
MPRegen 0.10/turn                (no ring)

@: slowed, very slow
A: AC +5, unfitting armour, cold-blooded
a: no special abilities


You were on level 3 of the Dungeon.
You visited 1 branch of the dungeon, and saw 3 of its levels.

You collected 61 gold pieces.

Inventory:

Missiles
 b - 7 boomerangs of dispersal (quivered)
 l - 3 boomerangs
Armour
 c - a +0 pair of gloves (worn)
 d - a +0 cloak (worn)
 k - a +0 pair of boots (worn)
Scrolls
 a - a scroll of blinking
 j - a scroll of teleportation {unknown}
Potions
 e - 2 potions of heal wounds
 f - a potion of attraction {unknown}
 g - a potion of lignification
 h - a potion of curing
 i - a potion of cancellation {unknown}
 m - a potion of haste {unknown}


   Skills:
 - Level 2.1 Fighting
 - Level 0.8 Throwing
 - Level 2.1 Dodging
 * Level 3.1 Unarmed Combat
 + Level 2.4 Spellcasting
 * Level 3.8 Translocations


You had 4 spell levels left.
You knew the following spells:

 Your Spells              Type           Power      Damage    Failure   Level
a - Blink                 Tloc           26%        N/A       7%          2

Your spell library contained the following spells:

 Spells                   Type           Power      Damage    Failure   Level
 Lesser Beckoning         Tloc           26%        N/A       13%         3
 Teleport Other           Tloc           13%        N/A       13%         3
 Summon Small Mammal      Summ           4%         N/A       22%         1
 Vhi's Electric Charge    Tloc/Air       14%        N/A       28%         3
 Manifold Assault         Tloc           13%        N/A       41%         4
 Call Canine Familiar     Summ           1%         N/A       54%         3
 Summon Guardian Golem    Hex/Summ       1%         N/A       54%         3
 Conjure Ball Lightning   Conj/Air       0%         3x3d6     100%        6
 Discord                  Hex            0%         N/A       100%        8
 Disjunction              Tloc           6%         N/A       100%        8


Dungeon Overview and Level Annotations

Branches:
Dungeon (2/15)

Altars:

Annotations:
D:3 Natasha


Innate Abilities, Weirdness & Mutations

Your plain brown scales are hard. (AC +5)
You cannot fit into any form of body armour.
You are cold-blooded and may be slowed by cold attacks.


Message History

Unknown command.
You closely miss Natasha. The shadow imp hits you.
You closely miss Natasha. Your punch misses Natasha.
Natasha claws you but does no damage. The shadow imp gestures at you.
Pain shoots through your body!
* * * LOW HITPOINT WARNING * * *
You hit Natasha.
Natasha is heavily wounded.
Natasha casts a spell at you.
You feel yourself slow down. The shadow imp barely misses you.
Unknown command.
You barely miss Natasha.
Your tail-slap misses Natasha.
Natasha is heavily wounded.
Natasha mumbles some strange words.
You feel disoriented. Natasha casts a spell at you.
You resist with significant effort.
The shadow imp hits you but does no damage.
Natasha misses you.
You closely miss Natasha.
Your tail-slap misses Natasha.
Natasha is heavily wounded.
The shadow imp puffs mist at you. The shadow imp completely misses you.
Natasha barely misses you. The shadow imp hits you.
* * * LOW HITPOINT WARNING * * *
You hit Natasha.
You tail-slap Natasha, but do no damage.
Natasha is severely wounded.
Natasha claws you.
* * * LOW HITPOINT WARNING * * *
The shadow imp hits you but does no damage.
Unknown command.
You barely miss Natasha.
You tail-slap Natasha, but do no damage.
Natasha is severely wounded.
Natasha claws you but does no damage. The shadow imp gestures at you.
Pain shoots through your body!
You die...

#..........#..#
#....##....#..###
#....##..........
##.#...†.....# #########
#.#.......#.# #.$......
#.#..#......### #.....h..
..............# #........
###.##.##.###.# #........
#.##^#.....@####........
..........5.h....$......
##.##.#......#########.##
########.........
#.......##..... #.......#
... #.......# . #.......#
#.......#


You could see Natasha and a shadow imp (summoned).

Vanquished Creatures
  2 adders (D:2)
  A dart slug (D:1)
  2 bats (D:1)
  6 endoplasms
  2 giant cockroaches
  2 goblins
  6 hobgoblins
  2 jackals (D:2)
  2 quokkas
  7 ball pythons
  4 frilled lizards
  A kobold (D:1)
  7 rats
44 creatures vanquished.

Notes
Turn   | Place    | Note
-------+----------+-------------------------------------------
     0 | D:1      | PyroL the Draconian Warper began the quest for the Orb.
     0 | D:1      | Reached XP level 1. HP: 17/17 MP: 3/3
   145 | D:1      | Reached XP level 2. HP: 16/24 MP: 5/5
   732 | D:1      | Reached XP level 3. HP: 19/29 MP: 6/6
  1101 | D:2      | Learned a level 2 spell: Blink
  1164 | D:2      | You fall into a shaft and drop 1 floor!
  1223 | D:3      | Noticed Natasha
  1247 | D:3      | Killed from afar by a shadow imp

Illustrated notes

Levels and vault maps discovered:
D:1:      lightli_arrival_farm, layout_basic
D:2:      layout_rooms
D:3:      layout_basic, ebering_ecumenical_altar_ruins, serial_shops,
          nicolae_shop_behind_doors, uniq_natasha

Skill      XL: |  1  2  3 |
---------------+----------+-----
Unarmed Combat | 3 |  3.1
Fighting       | |  2.1
Throwing       | |  0.8
Dodging        | |  2.1
Spellcasting   | |  2.4
Translocations | |  3.8

Action                   || total
-------------------------++-------
Melee: Unarmed           ||   196
       Tailslap          ||    19
  Use: Scroll            ||     2
Armor: Skin              ||    75
Dodge: Dodged            ||   139

Table legend: (Time is in decaauts)
 A = Elapsed time spent in this place.
 B = Non-inter-level travel time spent in this place.
 C = Inter-level travel time spent in this place.
 D = Time resting spent in this place.
 E = Time spent auto-exploring this place.
 F = Levels seen in this place.
 G = Mean time per level.
                   A        B        C        D        E       F      G
               +--------+--------+--------+--------+--------+-----+--------+
         Total |   1264 |   1246 |     18 |      7 |    844 |   3 |  421.3 |
       Dungeon |   1264 |   1246 |     18 |      7 |    844 |   3 |  421.3 |
               +--------+--------+--------+--------+--------+-----+--------+

Top non-repeatable levels by time:
     D:1: 886 daAuts
     D:2: 295 daAuts
     D:3: 83 daAuts
